Map: Ruins of Endion

Players

Evilpriest - Winner!

  • Race: Protoss Protoss
  • League: Master

Miszu

  • Race: Terran Terran
  • League: Master

VOD

Have the link to the VOD?

Description

Time

  • Played on: April 7, 2016, 3:41 p.m.
  • Length: 5:03
Show
View Real Time Build Order
Export as new Build Order

Evilpriest Protoss - Winner!

Build Orders:  

Get SALT Encoding   

  12  0:01  Probe (Chrono Boost)  
  13  0:11  Probe (Chrono Boost)  
  14  0:18  Pylon  
  14  0:22  Probe (Chrono Boost)  
  15  0:36  Probe (Chrono Boost)  
  15  0:37  Gateway  
  16  0:44  Assimilator  
  16  0:47  Probe (Chrono Boost)  
  17  0:52  Assimilator  
  17  0:57  Probe (Chrono Boost)  
  18  1:08  Probe (Chrono Boost)  
  20  1:18  Probe (Chrono Boost)  
  20  1:24  Cybernetics Core  
  20  1:29  Probe (Chrono Boost)  
  20  1:32  Pylon  
  21  1:39  Probe (Chrono Boost)  
  22  1:52  Probe (Chrono Boost)  
  23  2:00  Adept  
  25  2:01  Warp Gate (Chrono Boost)  
  25  2:03  Mothership Core (Chrono Boost)  
  27  2:10  Pylon  
  27  2:21  Probe (Chrono Boost)  
  28  2:27  Adept  
  30  2:30  Stargate  
  30  2:35  Probe (Chrono Boost)  
  31  2:38  Gateway  
  31  2:43  Gateway  
  31  2:55  Gateway  
  31  3:13  Void Ray (Chrono Boost)  
  35  3:22  Pylon  
  35  3:51  Void Ray (Chrono Boost)  
  39  4:01  Stalker, Pylon  
  39  4:02  Stalker  
  43  4:04  Stalker x2  
  46  4:31  Stalker x3  
  48  4:33  Adept  
  54  4:41  Pylon  
  54  4:58  Pylon  
Show
View Real Time Build Order
Export as new Build Order

Miszu Terran 

Build Orders: 1/1/1, Liberator Opening 

Get SALT Encoding   

  12  0:01  SCV  
  13  0:13  SCV  
  14  0:17  Supply Depot  
  14  0:25  SCV  
  15  0:39  SCV  
  15  0:42  Barracks  
  16  0:45  Refinery  
  16  0:51  SCV  
  17  1:04  SCV  
  18  1:11  Refinery  
  18  1:16  SCV  
  20  1:33  Marine  
  20  1:34  Orbital Command  
  20  1:41  Factory  
  20  1:50  Supply Depot  
  20  1:52  Marine  
  22  2:01  SCV  
  22  2:10  Marine  
  22  2:13  SCV  
  24  2:25  Hellion  
  24  2:26  Starport  
  24  2:27  SCV  
  27  2:30  Supply Depot  
  27  2:33  Marine  
  28  2:39  SCV  
  29  2:47  Hellion  
  29  2:51  Marine, SCV  
  31  2:53  Supply Depot  
  33  3:03  SCV  
  33  3:04  Medivac  
  36  3:08  Hellion  
  36  3:09  Marine  
  39  3:17  Liberator  
  39  3:19  SCV  
  40  3:30  Barracks Reactor, Hellion  
  42  3:38  SCV  
  45  3:53  SCV  
  46  3:57  Command Center  
  46  4:03  Factory Tech Lab  
  46  4:06  SCV  
  47  4:18  SCV  
  47  4:34  Marine  
  55  4:46  Supply Depot  
Tags
 
Add a new tag
Caveats
  • Supply blocks, unpowered buildings, or Contaminate may cause inaccurate times.
  • Supply counts are checked every 10 seconds.